 Dungeon Crawl Stone Soup version 0.31-a0-236-g9a0961fb85 (webtiles) character file.

Game seed: 13617482196832486010

3021 qw the Skirmisher (level 9, -1/57 HPs)
             Began as a Gargoyle Hexslinger on July 10, 2023.
             Was an Initiate of Okawaru.
             Slain by an orc warrior
             ... wielding a +0 trident
              (3 damage)
             ... on level 8 of the Dungeon.
             The game lasted 00:02:22 (5903 turns).

qw the Skirmisher (Gargoyle Hexslinger)             Turns: 5903, Time: 00:02:23

Health: -1/57      AC: 19    Str: 12    XL:     9   Next: 85%
Magic:  10/10      EV: 11    Int: 14    God:    Okawaru [......]
Gold:   89         SH:  0    Dex: 16    Spells: 9/10 levels left

rFire   . . .        Y - +6 arbalest (freeze)
rCold   + . .        (shield currently unavailable)
rNeg    + . .        h - +0 ring mail
rPois   inf          e - +0 helmet
rElec   +            m - +0 cloak
rCorr   .            j - +0 pair of gloves
SInv    .            (no boots)
Will    .....        (no amulet)
Stlth   +            r - +4 ring of protection
HPRegen 0.29/turn    n - ring of protection from cold
MPRegen 0.12/turn

%: no passive effects
@: about to teleport
A: sickness immunity, AC +6, negative energy resistance 1, electricity
resistance, torment resistance 1, petrification resistance
a: Renounce Religion


You were on level 8 of the Dungeon.
You worshipped Okawaru.
Okawaru was noncommittal.
You visited 2 branches of the dungeon, and saw 9 of its levels.
You also visited: Ossuary.

You collected 388 gold pieces.
You spent 299 gold pieces at shops.


Innate Abilities, Weirdness & Mutations

You are immune to sickness and miasma.
Your stone body is resilient. (AC +6)
You are immune to poison.
You resist negative energy. (rN+)
You are resistant to electric shocks. (rElec)
You are resistant to unholy torment.
You are immune to petrification.


   Skills:
 - Level 7.5 Fighting
 - Level 11.0 Ranged Weapons
 + Level 3.1 Armour
 - Level 2.3 Dodging
 - Level 1.0 Spellcasting
 - Level 2.6 Hexes


You had 9 spell levels left.
You knew the following spells:

 Your Spells              Type           Power      Damage    Failure   Level
a - Slow                  Hex            32%        N/A       19%         1

Your spell library contained the following spells:

 Spells                   Type           Power      Damage    Failure   Level
 Inner Flame              Hex/Fire       4%         N/A       67%         3
 Portal Projectile        Hex/Tloc       8%         N/A       67%         3
 Cause Fear               Hex            4%         N/A       88%         4

Inventory:

Hand Weapons
 Y - a +6 arbalest of freezing (weapon)
Armour
 e - a +0 helmet (worn)
 h - a +0 ring mail (worn)
 j - a +0 pair of gloves (worn)
 m - a +0 cloak (worn)
Jewellery
 c - a ring of fire
 n - a ring of protection from cold (right hand)
 r - a +4 ring of protection (left hand)
Wands
 b - a wand of digging (12)
Scrolls
 a - a scroll of identify
 p - 2 scrolls of teleportation
Potions
 d - a potion of mutation
 f - a potion of haste
 g - 5 potions of curing
 i - 2 potions of heal wounds
 k - 2 potions of cancellation
 l - 2 potions of enlightenment

Dungeon Overview and Level Annotations

Branches:
Dungeon (8/15)             Temple (1/1) D:7         Ossuary (visited)
   Lair: D:8-11

Altars:
Ashenzari
Cheibriados
Dithmenos
Elyvilon
Fedhas
Gozag
Kikubaaqudgha
Makhleb
Nemelex Xobeh
Okawaru
Qazlal
Ru
Sif Muna
Uskayaw
Vehumet
Wu Jian
Xom
Yredelemnul
Zin

Shops:
D:7 !

Annotations:
D:3 1 runed translucent door, qw's ghost, amateur MiHs


Message History

A magic dart appears from out of thin air!
The magic dart hits you but does no damage.
You hear a shout!
You shoot a bolt. The bolt hits the warg.
The bolt freezes the warg.
The warg is severely wounded.
The centaur shoots an arrow.
The arrow hits you. The warg bites you but does no damage.
Something hits you but does no damage.
The centaur shoots an arrow.
The arrow hits you but does no damage. The warg bites you but does no damage.
You shoot a bolt. The bolt hits the warg!
The bolt freezes the warg.
You kill the warg!
Okawaru accepts your kill.
You hear a shout!
The centaur shoots an arrow.
The arrow hits you! Something hits you but does no damage.
The centaur shoots an arrow.
The arrow hits you. Something completely misses you.
An orc warrior comes into view. It is wielding a +0 trident.
You hear a shout!
You hear a howl!
Your Ranged Weapons skill increases to level 11!
You shoot a bolt. The bolt hits the orc warrior!!
The bolt freezes the orc warrior.
The orc warrior is almost dead.
The centaur shoots an arrow.
The arrow hits you! Something hits you but does no damage.
The orc warrior hits you but does no damage.
You shoot a bolt. The bolt barely misses the orc warrior.
Something hits you but does no damage.
The centaur shoots an arrow.
The arrow misses you.
The orc warrior hits you from afar with a +0 trident!
Something hits you but does no damage.
An orc warrior comes into view. It is wielding a +0 mace.
The orc warrior misses you.
The centaur shoots an arrow.
The arrow closely misses you.
5903 ||| READING 3 scrolls of teleportation.
As you read the scroll of teleportation, it crumbles to dust.
You feel strangely unstable.
The centaur shoots an arrow.
The arrow hits you. Something hits you but does no damage.
The orc warrior hits you from afar with a +0 trident.
You die...

......##.......%.........
........................>
.......7+777'7>..........
.......7....!7#..........
.......7.###.7...........
.......7.....7...........
#.....o.._..+.###..(....
#.....7){...7#..........
#.....7@###.7#..........
h.)....7..co.7##..#..##..
.......7+777'7#...##.#...
o.#...# ...## #..<.. .
(... #.# ##.).. #....
#..#.# #..##.# #.. ...
#......


You could see 2 orc warriors and a centaur.

Vanquished Creatures
  A cyclops (D:8)
  A hornet (D:8)
  A wyvern (D:6)
  A warg (D:8)
  A water moccasin (D:8)
  2 ice beasts
  2 black bears
  A centaur (D:8)
  A phantom (D:4)
  3 bullfrogs (D:7)
  3 scorpions
  3 wights
  3 killer bees (D:8)
  A howler monkey (D:5)
  2 gnoll boudas
  A human zombie (Ossuary)
  A hound (D:7)
  An orc priest (D:8)
  3 jellies
  5 iguanas
  5 orc wizards
  4 mummies
  7 gnolls
  7 adders
  A shadow imp (D:7)
  An ufetubus (D:4)
  4 adder zombies (Ossuary)
  3 worms
  3 dart slugs
  17 orcs
  6 ball pythons
  4 endoplasms
  2 giant cockroaches
  A gnoll zombie (Ossuary)
  4 goblins
  8 hobgoblins
  8 jackals
  2 quokkas
  5 bats
  2 frilled lizards
  2 goblin zombies (Ossuary)
  2 hobgoblin zombies (Ossuary)
  4 kobolds
  2 kobold zombies (Ossuary)
  3 quokka zombies (Ossuary)
  6 rats
  5 rat zombies
155 creatures vanquished.

Notes
Turn   | Place    | Note
-------+----------+-------------------------------------------
     0 | D:1      | qw the Gargoyle Hexslinger began the quest for the Orb.
     0 | D:1      | Reached XP level 1. HP: 12/12 MP: 2/2
     0 | D:1      | 0 ||| qw: Version: 0.3-a-52-g30416fa
     0 | D:1      | 0 ||| qw: Game counter: 4932
     0 | D:1      | 0 ||| qw: Melee chars always use a shield: true
     0 | D:1      | 0 ||| qw: God list: Okawaru
     0 | D:1      | 0 ||| qw: Allow faded altars: false
     0 | D:1      | 0 ||| qw: Do Orc after clearing Dungeon:15 true
     0 | D:1      | 0 ||| qw: Do second Lair branch before Depths: true
     0 | D:1      | 0 ||| qw: Lair rune preference: random
     0 | D:1      | 0 ||| qw: Goals: Normal
     0 | D:1      | 0 ||| PLANNING D:1-11
   109 | D:1      | Reached XP level 2. HP: 16/16 MP: 3/3
   255 | D:1      | Reached skill level 3 in Ranged Weapons
   643 | D:1      | Reached XP level 3. HP: 21/21 MP: 4/4
   713 | D:1      | 713 ||| UPGRADING to +0 helmet.
   718 | D:1      | 718 ||| UPGRADING to +0 pair of gloves.
   723 | D:1      | 723 ||| UPGRADING to +0 leather armour.
   733 | D:1      | 733 ||| DROPPING +0 robe.
   734 | D:1      | 734 ||| UPGRADING to +0 cloak.
   739 | D:1      | 739 ||| READING scroll labelled DIBLISS HATESA.
   744 | D:1      | 744 ||| READING 2 scrolls labelled LAKUSO COKK.
   745 | D:1      | 745 ||| DRINKING 2 fizzy silvery potions.
   746 | D:1      | 746 ||| DROPPING scroll of poison.
   747 | D:1      | 747 ||| DROPPING scroll of fog.
  1253 | D:2      | 1253 ||| DRINKING 2 glowing grey potions.
  1254 | D:2      | 1254 ||| DROPPING potion of brilliance.
  1454 | D:3      | Reached XP level 4. HP: 25/26 MP: 5/5
  1544 | D:3      | Reached skill level 4 in Ranged Weapons
  1665 | D:3      | Found a runed translucent door.
  1665 | D:3      | Noticed qw's ghost (amateur MiHs)
  1843 | D:3      | Reached skill level 1 in Armour
  2326 | D:3      | 2326 ||| UPGRADING to +0 ring mail.
  2336 | D:3      | 2336 ||| DROPPING +0 leather armour.
  2337 | D:3      | 2337 ||| READING scroll labelled WIEM SUSIB.
  2337 | D:3      | Identified a scroll of acquirement
  2337 | D:3      | 2337 ||| ACQUIRING +3 arbalest of freezing
  2337 | D:3      | Acquired a +3 arbalest of freezing
  2339 | D:3      | 2339 ||| SWAPPING to +3 arbalest of freezing.
  2340 | D:3      | 2340 ||| DROPPING +1 sling.
  2341 | D:3      | 2341 ||| READING scroll labelled ORE FILIPOF.
  2342 | D:3      | 2342 ||| DRINKING 2 orange potions.
  2343 | D:3      | 2343 ||| DROPPING potion of degeneration.
  2364 | D:4      | Noticed a scorpion
  2370 | D:4      | Killed a scorpion
  2371 | D:4      | Reached skill level 5 in Ranged Weapons
  2371 | D:4      | Reached XP level 5. HP: 20/30 MP: 6/6
  2549 | D:4      | Noticed a black bear
  2550 | D:4      | Reached skill level 3 in Fighting
  2553 | D:4      | Killed a black bear
  2554 | D:4      | Reached XP level 6. HP: 37/37 MP: 7/7
  2587 | D:4      | Reached skill level 6 in Ranged Weapons
  2770 | D:4      | Reached XP level 7. HP: 41/41 MP: 8/8
  2821 | D:4      | Found a snail-covered altar of Cheibriados.
  2964 | D:4      | 2964 ||| READING scroll labelled DENNEPSONU.
  2965 | D:4      | 2965 ||| READING scroll labelled UNEORA LUGO.
  2972 | D:5      | Entered Level 5 of the Dungeon
  2973 | D:5      | 2973 ||| PLANNING OSSUARY
  3000 | D:5      | HP: 8/43 [gnoll/+0 flail[a gnoll bouda] (6)]
  3001 | D:5      | 3001 ||| READING scroll of teleportation.
  3499 | D:5      | Reached skill level 7 in Ranged Weapons
  3538 | D:5      | Found a sand-covered staircase.
  3547 | Ossuary  | Entered an ossuary
  3552 | Ossuary  | Reached XP level 8. HP: 34/48 MP: 9/9
  3746 | Ossuary  | 3746 ||| READING 2 scrolls labelled KUNACO FAWOA.
  3747 | Ossuary  | 3747 ||| READING 3 scrolls labelled AHOUXK DAUSEUL.
  3748 | Ossuary  | 3748 ||| READING 2 scrolls of enchant weapon.
  3748 | Ossuary  | 3748 ||| ENCHANTING +4 arbalest of freezing.
  3749 | Ossuary  | 3749 ||| READING scroll of enchant weapon.
  3749 | Ossuary  | 3749 ||| ENCHANTING +5 arbalest of freezing.
  3750 | Ossuary  | 3750 ||| DROPPING scroll of fear.
  3755 | D:5      | 3755 ||| PLANNING D:1-11
  3830 | D:5      | Found an ancient bone altar of Kikubaaqudgha.
  3958 | D:5      | Reached skill level 8 in Ranged Weapons
  4250 | D:6      | Noticed a wyvern
  4253 | D:6      | Killed a wyvern
  4576 | D:6      | 4576 ||| UPGRADING to +4 ring of protection.
  4577 | D:6      | 4577 ||| READING scroll labelled BYQUNU LIWKUCH.
  4578 | D:6      | 4578 ||| READING scroll labelled HIRAOTO ZUMI.
  4579 | D:6      | 4579 ||| READING 4 scrolls of identify.
  4579 | D:6      | 4579 ||| IDENTIFYING fizzy black potion
  4580 | D:6      | 4580 ||| READING 3 scrolls of identify.
  4580 | D:6      | 4580 ||| IDENTIFYING dark potion
  4581 | D:6      | 4581 ||| READING 2 scrolls of identify.
  4581 | D:6      | 4581 ||| IDENTIFYING golden potion
  4582 | D:6      | 4582 ||| DROPPING potion of berserk rage.
  4718 | D:7      | Reached skill level 9 in Ranged Weapons
  4731 | D:7      | Found Worrasch's Distillery.
  4740 | D:7      | Reached skill level 3 in Armour
  4741 | D:7      | 4741 ||| BUYING potion of cancellation (104 gold).
  4741 | D:7      | Bought a potion of cancellation for 104 gold pieces
  4741 | D:7      | 4741 ||| BUYING potion of enlightenment (65 gold).
  4741 | D:7      | Bought a potion of enlightenment for 65 gold pieces
  4741 | D:7      | 4741 ||| BUYING potion of enlightenment (65 gold).
  4741 | D:7      | Bought a potion of enlightenment for 65 gold pieces
  4741 | D:7      | 4741 ||| BUYING potion of heal wounds (65 gold).
  4741 | D:7      | Bought a potion of heal wounds for 65 gold pieces
  4741 | D:7      | 4741 ||| SHOPLISTING potion of mutation (104 gold, have
                  | 27).
  4766 | D:7      | 4766 ||| DRINKING 6 potions of curing.
  4766 | D:7      | 4766 ||| (to cure confusion)
  4769 | D:7      | 4769 ||| FLEEEEING.
  4770 | D:7      | 4770 ||| FLEEEEING.
  4771 | D:7      | 4771 ||| FLEEEEING.
  4772 | D:7      | 4772 ||| FLEEEEING.
  4773 | D:7      | 4773 ||| FLEEEEING.
  4858 | D:7      | Found a staircase to the Ecumenical Temple.
  4859 | D:7      | 4859 ||| PLANNING TEMPLE
  4860 | D:7      | 4860 ||| FLEEEEING.
  4861 | D:7      | 4861 ||| FLEEEEING.
  4862 | D:7      | 4862 ||| FLEEEEING.
  4864 | D:7      | 4864 ||| FLEEEEING.
  4865 | D:7      | 4865 ||| FLEEEEING.
  4866 | D:7      | 4866 ||| FLEEEEING.
  4867 | D:7      | 4867 ||| FLEEEEING.
  4868 | D:7      | 4868 ||| FLEEEEING.
  4869 | D:7      | 4869 ||| FLEEEEING.
  4870 | D:7      | 4870 ||| FLEEEEING.
  4871 | D:7      | 4871 ||| FLEEEEING.
  4873 | D:7      | 4873 ||| FLEEEEING.
  4874 | D:7      | 4874 ||| FLEEEEING.
  4875 | D:7      | 4875 ||| FLEEEEING.
  4876 | D:7      | 4876 ||| FLEEEEING.
  4877 | D:7      | 4877 ||| FLEEEEING.
  4878 | D:7      | 4878 ||| Stepping ~*~*~tactically~*~*~ (outnumbered).
  4879 | D:7      | 4879 ||| Stepping ~*~*~tactically~*~*~ (outnumbered).
  4881 | D:7      | 4881 ||| FLEEEEING.
  4882 | D:7      | 4882 ||| Stepping ~*~*~tactically~*~*~ (outnumbered).
  4892 | D:7      | Reached skill level 6 in Fighting
  4897 | D:7      | 4897 ||| DRINKING 5 potions of curing.
  4897 | D:7      | 4897 ||| (to cure confusion)
  4900 | D:7      | 4900 ||| FLEEEEING.
  4901 | D:7      | 4901 ||| FLEEEEING.
  4902 | D:7      | 4902 ||| FLEEEEING.
  4906 | D:7      | 4906 ||| FLEEEEING.
  4907 | D:7      | 4907 ||| FLEEEEING.
  4910 | D:7      | Reached XP level 9. HP: 43/55 MP: 10/10
  4970 | D:7      | 4970 ||| READING 2 scrolls of identify.
  4970 | D:7      | 4970 ||| IDENTIFYING red potion
  4971 | D:7      | 4971 ||| DROPPING potion of ambrosia.
  4999 | Temple   | Entered the Ecumenical Temple
  5222 | Temple   | 5222 ||| PLANNING D:1-11
  5222 | Temple   | 5222 ||| READING scroll labelled JIKKIH URUI.
  5509 | D:7      | 5509 ||| UPGRADING to ring of protection from cold.
  5530 | D:8      | 5530 ||| STAIRDANCE
  5551 | D:8      | 5551 ||| STAIRDANCE
  5652 | D:8      | 5652 ||| STAIRDANCE
  5690 | D:8      | Noticed a cyclops
  5693 | D:8      | Killed a cyclops
  5694 | D:8      | Reached skill level 10 in Ranged Weapons
  5869 | D:8      | Found an iron altar of Okawaru.
  5870 | D:8      | 5870 ||| PLANNING OKAWARU WORSHIP
  5870 | D:8      | 5870 ||| READING scroll labelled KUZXIUGYZXA.
  5871 | D:8      | 5871 ||| READING 2 scrolls of identify.
  5871 | D:8      | 5871 ||| IDENTIFYING ruby potion
  5872 | D:8      | 5872 ||| DROPPING potion of attraction.
  5876 | D:8      | Became a worshipper of Warmaster Okawaru
  5877 | D:8      | 5877 ||| PLANNING D:1-11
  5883 | D:8      | Noticed a hornet
  5887 | D:8      | 5887 ||| Stepping ~*~*~tactically~*~*~ (outnumbered).
  5891 | D:8      | Killed a hornet
  5892 | D:8      | 5892 ||| Stepping ~*~*~tactically~*~*~ (outnumbered).
  5901 | D:8      | Reached skill level 11 in Ranged Weapons
  5902 | D:8      | HP: 3/57 [orc warrior/+0 trident (12)]
  5903 | D:8      | 5903 ||| READING 3 scrolls of teleportation.
  5903 | D:8      | Slain by an orc warrior

Levels and vault maps discovered:
D:1:      heliophobic_arrival_glass_houses, layout_loops_ring,
          chequers_serial_rivers_micro_a
D:2:      layout_rooms
D:3:      layout_loops_corners, hellmonk_ghost_happy_afterlife
D:4:      layout_basic, overflow_temple_1_default, minmay_cupped
D:5:      layout_basic, lemuel_zombie_altar_kikubaaqudgha,
          gup_ossuary_entry_pyramid, roderic_serpentine_path
D:6:      layout_cave_pools
D:7:      layout_basic, temple_fountains, serial_shops, shop
D:8:      layout_cave_pools, mainiacjoe_overflow_six_doors_small,
          erik_lair_orcish_takeover
Temple:   minmay_temple_bridge_d

Skill      XL: |  1  2  3  4  5  6  7  8  9 |
---------------+----------------------------+-----
Ranged Weapons | 3 5 6 7 9 11 | 11.0
Fighting       | 2 3 4 6 7 |  7.5
Armour         | 1 2 3 |  3.1
Dodging        | 2 |  2.3
Spellcasting   | |  1.0
Hexes          | |  2.6

Action                     |  1- 3 |  4- 6 |  7- 9 || total
---------------------------+-------+-------+-------++-------
   Fire: Sling             |   145 |    74 |       ||   219
         Arbalest          |       |    42 |   241 ||   283
    Use: Scroll            |     2 |     2 |    17 ||    21
         Potion            |     2 |     1 |     2 ||     5
 Armour: Robe              |    14 |       |       ||    14
         Leather armour    |    27 |    24 |       ||    51
         Ring mail         |       |    15 |   138 ||   153
  Dodge: Dodged            |    69 |    57 |   103 ||   229

Table legend:
 A = Non-vault XP
 B = Vault XP
 C = Vault XP percentage of total XP
 D = Non-vault monster count
 E = Vault monster count
 F = Vault count percentage of total count
                 A         B        C        D         E       F
            +---------+---------+-------+---------+---------+-------
      Total |    3817 |     499 |  11.6 |     126 |      29 |  18.7
            +---------+---------+-------+---------+---------+-------
        D:1 |      35 |       0 |   0.0 |      20 |       0 |   0.0
        D:2 |      12 |       0 |   0.0 |       6 |       0 |   0.0
        D:3 |      99 |       0 |   0.0 |      28 |       0 |   0.0
        D:4 |     489 |     101 |  17.1 |      16 |       2 |  11.1
        D:5 |     466 |      20 |   4.1 |      12 |       3 |  20.0
        D:6 |     513 |       0 |   0.0 |       8 |       0 |   0.0
        D:7 |     802 |       0 |   0.0 |      27 |       0 |   0.0
        D:8 |    1401 |     242 |  14.7 |       9 |       3 |  25.0
    Ossuary |       0 |     136 | 100.0 |       0 |      21 | 100.0
            +---------+---------+-------+---------+---------+-------
